AoeStats
← Reis

Nomad

505288466Analyzed
4v4 RM · 25d ago on Sep 8, 2026· 32m 26s· 8 players
Game mode
Random Map
Map size
231×231
Population
200
Speed
Normal
Resources
Standard
Victory
Conquest
Starting age
Dark Age
Ending age
Imperial Age
RankedLock teamsTeams togetherTeam positionsShared explorationLock speedFull tech treeHidden civsTurbo modeCheats
Victory
Defeat
🇦🇷 Vietnamese · Argentina
1575
+11
🇦🇷 Japanese · Argentina
1523
+13
🇦🇷 Spanish · Argentina
1307
+22
🇦🇷 Koreans · Argentina
1236
+24
🇨🇳 Vikings · China
1476
-19
🇹🇷 Japanese · Türkiye
1445
-18
🇨🇭 Bulgarians · Switzerland
1434
-17
🇮🇹 Romans · Italy
1418
-16
Reis
7:08 Loom
13:27 Feudal Age
18:55 Castle Age
17:03 Fishing Lines
20:19 Fletching
21:20 Forging
22:45 Stone Mining
instant cereal
5:00 Loom
14:18 Feudal Age
15:35 Town Watch
18:01 Castle Age
16:04 Fishing Lines
16:26 Fletching
16:51 Double-Bit Axe
16:59 Gold Mining
17:33 Fishing Lines
18:19 Horse Collar
19:15 Bow Saw
19:03 Bodkin Arrow
20:33 Medium Warships
23:59 Heavy Plow
25:01 Ballistics
26:10 Clinker Construction
25:57 Gillnets
27:16 Gold Shaft Mining
28:37 Stone Mining
31:58 Imperial Age
30:13 Padded Archer Armor
30:18 Town Patrol
31:32 Scale Mail Armor
32:15 Leather Archer Armor
32:08 Crossbowman
32:49 Bracer
twelve
5:04 Loom
13:14 Feudal Age
13:39 Town Watch
17:07 Castle Age
16:30 Wheelbarrow
17:40 Horse Collar
18:27 Heavy Plow
22:32 Fishing Lines
GdR_Salinaro
6:52 Loom
15:18 Feudal Age
18:42 Castle Age
16:32 Double-Bit Axe
18:10 Gold Mining
20:42 Gold Shaft Mining
20:21 Bow Saw
23:02 Wheelbarrow
22:13 Town Watch
26:10 Stone Mining
26:07 Horse Collar
32:29 Imperial Age
30:14 Hand Cart
31:17 Heavy Plow
Ritiskiti
3:22 Loom
13:07 Feudal Age
17:32 Castle Age
17:36 Double-Bit Axe
DS_Good bye
8:43 Loom
13:06 Feudal Age
16:56 Castle Age
14:47 Horse Collar
15:41 Double-Bit Axe
17:57 Bow Saw
18:31 Wheelbarrow
18:24 Heavy Plow
22:22 Hand Cart
22:40 Fletching
23:24 Bodkin Arrow
23:43 Stone Mining
24:21 Gold Mining
26:48 Fervor
28:00 Town Watch
29:01 Sanctity
31:20 Redemption
33:52 Imperial Age
Karlak
13:58 Feudal Age
18:34 Castle Age
16:55 Stone Mining
18:27 Fishing Lines
20:15 Horse Collar
20:26 Gold Mining
20:28 Loom
21:18 Wheelbarrow
20:56 Double-Bit Axe
23:34 Padded Archer Armor
28:09 Horse Collar
29:19 Husbandry
31:38 Hand Cart
34:20 Imperial Age
32:18 Bow Saw
Teutonio
10:51 Loom
14:06 Feudal Age
14:46 Double-Bit Axe
14:50 Town Watch
15:40 Wheelbarrow
19:53 Castle Age
18:31 Forging
21:06 Stone Mining
21:28 Bow Saw
27:47 Horse Collar
31:05 Hand Cart
34:59 Imperial Age
32:48 Gold Mining
Connection lost

Rejoining the realm…

Still unreachable

The connection could not be restored.

Session expired

The server has moved on; the page needs a fresh start.